 Dungeon Crawl Stone Soup version 0.31.0-12-g77e489cdc1 (webtiles) character file.

Game seed: 5275444991602954094

391 GeoRichter the Shooter (level 6, -3/48 HPs)
             Began as a Barachi Hexslinger on Mar 4, 2024.
             Was an Initiate of Ashenzari.
             Killed from afar by Pikel (12 damage)
             ... with an iceblast
             ... on level 4 of the Dungeon.
             The game lasted 00:07:16 (3273 turns).

GeoRichter the Shooter (Barachi Hexslinger)         Turns: 3273, Time: 00:07:17

Health: -3/48      AC:  6    Str:  9    XL:     6   Next: 80%
Magic:  5/7        EV: 18    Int: 13    God:    Ashenzari [......]
Gold:   69         SH:  0    Dex: 17    Spells: 5/7 levels left

rFire   . . .        a - +2 sling
rCold   . . .        (no shield)
rNeg    . . .        c - +0 robe
rPois   .            m - +0 helmet
rElec   .            (no cloak)
rCorr   .            r - +0 pair of gloves
SInv    .            q - +1 pair of boots of Ashenzari's Disgust {Fly, Comp, Cun} (curse)
Will    .....        (no amulet)
Stlth   ++           o - +5 ring of evasion
HPRegen 0.28/turn    (no ring)
MPRegen 0.10/turn

%: no passive effects
@: weak-willed, unable to hop, flying, slow
A: amphibious, slowness 1, strong legs 1, +LOS
a: Hop, Renounce Religion, Shatter the Chains


You were on level 4 of the Dungeon.
You worshipped Ashenzari.
Ashenzari was noncommittal.
You visited 1 branch of the dungeon, and saw 7 of its levels.

You collected 283 gold pieces.
You spent 214 gold pieces at shops.

Inventory:

Hand Weapons
 a - a +2 sling (weapon)
Armour
 c - a +0 robe (worn)
 m - a +0 helmet (worn)
   (You took it off Robin on level 3 of the Dungeon)
 q - the cursed +1 pair of boots of Ashenzari's Disgust (worn) {Fly, Comp, Cun}
   (You bought it in a shop on level 3 of the Dungeon)

   It has a curse which improves the following skills: Companions: Summonings
   and Necromancy.
   Cunning:   Dodging and Stealth.
 r - a +0 pair of gloves (worn)
   (You found it on level 4 of the Dungeon)
Jewellery
 o - a +5 ring of evasion (left hand)
   (You found it on level 3 of the Dungeon)
Wands
 n - a wand of polymorph (7)
   (You took it off Robin on level 3 of the Dungeon)
Scrolls
 b - 3 scrolls of poison {!r}
 d - a scroll of noise {unknown}
 e - a scroll of identify {unknown}
 f - a scroll of amnesia {unknown}
 g - 2 scrolls of immolation {unknown}
 i - 2 scrolls of enchant weapon
 l - a scroll of teleportation {unknown}
 p - a scroll of vulnerability {unknown}
Potions
 h - a potion of might {unknown}
 j - 2 potions of mutation {unknown}
 k - 2 potions of haste {unknown}
 s - a potion of attraction {unknown}
 t - a potion of cancellation {unknown}


   Skills:
 + Level 3.9 Fighting
 * Level 5.3 Ranged Weapons
 - Level 2.1(2.5) Dodging
 - Level 1.1 Spellcasting
 + Level 4.7 Hexes
 - Level 1.1 Fire Magic


You had 5 spell levels left.
You knew the following spells:

 Your Spells              Type           Power      Damage    Failure   Level
a - Jinxbite              Hex            26%        N/A       6%          2

Your spell library contained the following spells:

 Spells                   Type           Power      Damage    Failure   Level
 Slow                     Hex            52%        N/A       4%          1
 Confusing Touch          Hex            13%        N/A       12%         3
 Sigil of Binding         Hex            13%        N/A       12%         3
 Tukima's Dance           Hex            13%        N/A       12%         3
 Inner Flame              Hex/Fire       8%         N/A       26%         3
 Sandblast                Erth           0%         2d4       28%         1
 Cause Fear               Hex            6%         N/A       36%         4
 Lesser Beckoning         Tloc           0%         N/A       38%         2
 Gell's Gravitas          Tloc           0%         N/A       63%         3
 Passwall                 Erth           0%         N/A       63%         3
 Stone Arrow              Conj/Erth      0%         3d7       63%         3
 Teleport Other           Tloc           0%         N/A       63%         3
 Vampiric Draining        Necr           0%         2d6       63%         3
 Dimensional Bullseye     Hex/Tloc       3%         N/A       71%         4
 Brom's Barrelling Bould  Conj/Erth      0%         2d3       95%         4
 Iskenderun's Mystic Bla  Conj/Tloc      0%         2d3       95%         4


Dungeon Overview and Level Annotations

Branches:
Dungeon (7/15) Zot: 26795  Temple (0/1) D:6

Altars:
Ashenzari
Makhleb
Yredelemnul

Shops:
D:3 [

Annotations:
D:4 Pikel


Innate Abilities, Weirdness & Mutations

You are amphibious.
You cover ground slowly.
You can hop short distances.
You have an extended range of vision and can be seen from far away.


Message History

Press: ? - help, Q - select action, (/) - cycle Shift-Dir - straight line, f/p - Pikel
Aim: Pikel, wielding a +1 whip of electrocution, wearing a +0 robe and carrying a wand of iceblast (lightly wounded, chance to call a sprite on attack: 47%, 56% to hit)
You shoot a sling bullet. The sling bullet barely misses Pikel.
Pikel hits you with a +1 whip of electrocution!
Fire: a) +2 sling
Press: ? - help, Q - select action, (/) - cycle Shift-Dir - straight line, f/p - Pikel
Aim: Pikel, wielding a +1 whip of electrocution, wearing a +0 robe and carrying a wand of iceblast (lightly wounded, chance to call a sprite on attack: 47%, 56% to hit)
You shoot a sling bullet. The sling bullet barely misses Pikel.
Pikel misses you.
Pikel hits you with a +1 whip of electrocution!
* * * LOW HITPOINT WARNING * * *
Fire: a) +2 sling
Press: ? - help, Q - select action, (/) - cycle Shift-Dir - straight line, f/p - Pikel
Aim: Pikel, wielding a +1 whip of electrocution, wearing a +0 robe and carrying a wand of iceblast (lightly wounded, chance to call a sprite on attack: 47%, 56% to hit)
You shoot a sling bullet. The sling bullet hits Pikel.
Pikel is moderately wounded.
Pikel hits you with a +1 whip of electrocution.
* * * LOW HITPOINT WARNING * * *
Unknown command.
Fire: a) +2 sling
Press: ? - help, Q - select action, (/) - cycle Shift-Dir - straight line, f/p - Pikel
Aim: Pikel, wielding a +1 whip of electrocution, wearing a +0 robe and carrying a wand of iceblast (moderately wounded, chance to call a sprite on attack: 47%, 56% to hit)
You shoot a sling bullet.
The sling bullet hits Pikel but does no damage.
Pikel is moderately wounded.
Pikel misses you.
Fire: a) +2 sling
Press: ? - help, Q - select action, (/) - cycle Shift-Dir - straight line, f/p - Pikel
Aim: Pikel, wielding a +1 whip of electrocution, wearing a +0 robe and carrying a wand of iceblast (moderately wounded, chance to call a sprite on attack: 47%, 56% to hit)
You shoot a sling bullet. The sling bullet hits Pikel.
Pikel is moderately wounded.
A giggling sprite leaps out and doodles on Pikel's face.
Pikel is moderately wounded.
Pikel hits you with a +1 whip of electrocution.
* * * LOW HITPOINT WARNING * * *
Fire: a) +2 sling
Press: ? - help, Q - select action, (/) - cycle Shift-Dir - straight line, f/p - Pikel
Aim: Pikel, wielding a +1 whip of electrocution, wearing a +0 robe and carrying a wand of iceblast (moderately wounded, lightly drained, chance to call a sprite on attack: 52%, 56% to hit)
You shoot a sling bullet. The sling bullet hits Pikel!
Pikel is heavily wounded.
Pikel hits you with a +1 whip of electrocution.
* * * LOW HITPOINT WARNING * * *
Hop to where?
Press: ? - help, Dir - move target, p - Pikel Boing!
The jinxing sprites lose interest in you.
Pikel zaps a wand.
The mass of ice explodes!
The iceblast engulfs you!
You die...
Pikel says, "Another soul for the market."

# ###....#
#.####.###.....r.r
# #>..#### #.# #.#
#.####### # #.####
#.# #.###.#.....#
# #....##### #.#
#.....#...... #
#........# #.#
#####.#####..
#######..#.# #.#
###
#....###...#####.#
# #.##.#
###.....#.# #
#.##.# #.###..@# #
..##.# #.#####.# #
####.# #......○###
# .....#
#######.K.# #.
####### ###.# ...
......# #.## #.##
##.#.## #..# ###..
#..#..## ##.###
#.... .#.#.#.#
#...# #..##


You could see Pikel (drained).

Vanquished Creatures
  4 lemures (D:4)
  Blork the orc (D:4)
  An orc priest (D:6)
  A hound (D:5)
  2 iguanas
  An orc wizard (D:7)
  Robin (D:3)
  7 adders
  A shadow imp (D:5)
  2 ufetubi (D:6)
  2 dart slugs
  6 orcs
  2 bats (D:1)
  4 endoplasms
  2 giant cockroaches (D:2)
  15 goblins
  21 hobgoblins
  2 jackals (D:2)
  4 kobolds
  3 quokkas
  8 ball pythons
  A frilled lizard (D:2)
  4 rats
95 creatures vanquished.

Notes
Turn   | Place    | Note
-------+----------+-------------------------------------------
     0 | D:1      | GeoRichter the Barachi Hexslinger began the quest for the
                  | Orb.
     0 | D:1      | Reached XP level 1. HP: 15/15 MP: 2/2
    64 | D:1      | Reached XP level 2. HP: 21/21 MP: 3/3
    84 | D:1      | Learned a level 2 spell: Jinxbite
   618 | D:2      | Reached skill level 3 in Ranged Weapons
   618 | D:2      | Reached XP level 3. HP: 19/27 MP: 4/4
   794 | D:2      | Found a burning altar of Makhleb.
  1068 | D:2      | Reached XP level 4. HP: 31/33 MP: 2/5
  1438 | D:3      | Found a basalt altar of Yredelemnul.
  1438 | D:3      | Found a broken altar of Ashenzari.
  1481 | D:3      | Became a worshipper of Ashenzari the Shackled
  1675 | D:3      | Noticed Robin
  1717 | D:3      | Killed Robin
  1718 | D:3      | Reached skill level 4 in Ranged Weapons
  1720 | D:3      | Reached XP level 5. HP: 18/39 MP: 4/6
  1847 | D:3      | Found Caisece's Armour Shop.
  2292 | D:3      | Bought a +1 pair of boots of flying for 214 gold pieces
  2527 | D:4      | Noticed Blork the orc
  2545 | D:4      | Killed Blork the orc
  2546 | D:4      | Reached XP level 6. HP: 7/47 MP: 4/7
  2730 | D:4      | Noticed Pikel
  2898 | D:4      | You are sucked into a shaft and drop 3 floors!
  2929 | D:6      | Reached skill level 5 in Ranged Weapons
  3060 | D:6      | Found a staircase to the Ecumenical Temple.
  3092 | D:5      | Entered Level 5 of the Dungeon
  3273 | D:4      | Killed from afar by Pikel

Illustrated notes

Levels and vault maps discovered:
D:1:      dpeg_arrival_subterranean_lakeside_camping, layout_rooms
D:2:      layout_loops_cross, basic_altar, minmay_between
D:3:      cheibrodos_greedy_goblins, layout_basic,
          chequers_temple_overflow_statue_of_worship, serial_shops, shop,
          uniq_robin
D:4:      layout_basic, interstate_on_off, uniq_pikel, uniq_blork_the_orc
D:5:      layout_basic, okawaru_metal_pillars_3, serial_glass, glass_columns_a,
          glass_columns_a, glass_columns_a, glass_columns_a, glass_columns_b,
          glass_columns_a, glass_columns_a, glass_columns_b, glass_columns_b,
          glass_columns_b, glass_columns_b, glass_columns_b, glass_columns_b,
          glass_columns_a, serial_bayou_lake_a, uniq_crazy_yiuf_cottage,
          uniq_menkaure, uniq_grinder
D:6:      layout_basic, mainiacjoe_overflow_24_doors,
          mainiacjoe_overflow_cross_hatched, mainiacjoe_overflow_catch_the_wave,
          temple_fountains
D:7:      layout_rooms, serial_shops, shop

Skill      XL: |  1  2  3  4  5  6 |
---------------+-------------------+-----
Ranged Weapons | 3 4 5 |  5.3
Fighting       | 2 3 |  3.9
Hexes          | 4 |  4.7
Dodging        | |  2.1
Spellcasting   | |  1.1
Fire Magic     | |  1.1

Action                     |  1- 3 |  4- 6 || total
---------------------------+-------+-------++-------
   Fire: Sling             |   101 |   263 ||   364
   Cast: Jinxbite          |     2 |    17 ||    19
 Invoke: Curse Item        |       |     1 ||     1
Ability: Hop               |       |     2 ||     2
    Use: Scroll            |       |     1 ||     1
 Armour: Robe              |    24 |   107 ||   131
  Dodge: Dodged            |    32 |   168 ||   200
